 Dungeon Crawl Stone Soup version 0.29-a0-214-g17f627cfee (webtiles) character file.

Game seed: 3700388432898764630

1 spaghetti the Skirmisher (level 1, 0/16 HPs)
             Began as an Octopode Fighter on Feb 24, 2022.
             Constricted to death by a ball python (1 damage)
             ... on level 1 of the Dungeon.
             The game lasted 00:00:18 (161 turns).

spaghetti the Skirmisher (Octopode Fighter)          Turns: 161, Time: 00:00:19

Health: 0/16       AC:  1    Str: 15    XL:     1   Next: 20%
Magic:  1/1        EV: 10    Int: 10    God:
Gold:   0          SH:  4    Dex: 11    Spells: 0/0 levels left

rFire   . . .      SeeInvis .   a - +0 long sword {long}
rCold   . . .      Faith    .   b - +0 buckler
rNeg    . . .      Spirit   .   (helmet restricted)
rPois   .          Reflect  .   (no amulet)
rElec   .          Harm     .   (no ring)
rCorr   .          Rampage  .   (no ring)
Will    .....                   (no ring)
Stlth   ++........              (no ring)
HPRegen 0.05/turn               (no ring)
MPRegen 0.07/turn               (no ring)
                                (no ring)
                                (no ring)

@: mighty, constricted
A: almost no armour, amphibious, 8 rings, camouflage 1, gelatinous body 1,
(nimble swimmer 1), tentacles
a: no special abilities


You were on level 1 of the Dungeon.
You visited 1 branch of the dungeon, and saw 2 of its levels.


Innate Abilities, Weirdness & Mutations

You cannot wear most types of armour.
You are amphibious.
You can wear up to eight rings at the same time.
Your skin changes colour to match your surroundings (Stealth+).
Your rubbery body absorbs attacks. (AC +1, EV +1)
((You are camouflaged when in or above water. (Stealth+)))
You have tentacles for arms and can constrict up to eight enemies at once.


   Skills:
 + Level 3.1 Fighting
 - Level 2.0 Long Blades
 - Level 3.0 Dodging
 - Level 3.0 Shields


You couldn't memorise any spells.
You didn't know any spells.
Your spell library was empty.

Inventory:

Hand Weapons
 a - a +0 long sword (weapon) {long}
Armour
 b - a +0 buckler (worn)
Scrolls
 d - a scroll of blinking {unknown}
 e - a scroll of enchant armour {unknown}

Dungeon Overview and Level Annotations

Branches:
Dungeon (2/15)

Altars:

#. ##. ###..#### ###
##.......#####...##
###...##....)@..K....
#...#.........S......
....≈#...###≈##....
.≈♣≈.....≈♣≈. ...
♣⌠♣≈≈≈≈≈♣⌠♣≈# .
..≈♣.......♣≈.#
#.....≈...<...≈...
#.##.≈♣.......P≈..#
#≈♣⌠♣≈≈≈≈≈P⌠P≈.


You could see a ball python and a kobold.


Message History

🤖 Initializing magus.rc ...
Options error: Delay interrupt name "hungry" not recognised. (~/.crawlrc:4761) Options error: Bad monster_list_colour key: strict_neutral (~/.crawlrc:4776) ✅ Successfully initialized magus.rc [v1.9.6] Welcome, spaghetti the Octopode Fighter.
You feel drawn to the Orb of Zot, downwards into the unfathomable depths...
Press ? for a list of commands and other information.
Found a scroll labelled MIWKIODOEC.
Found a staircase leading out of the dungeon.
Found a stone staircase leading down.
d - a scroll labelled MIWKIODOEC A ball python comes into view.
There is a stone staircase leading down here.
The ball python hisses angrily.
You climb downwards.
The hobgoblin shouts!
There is a stone staircase leading up here.
Unknown command.
Unknown command.
The hobgoblin hits you. 😕 HP[-2]
You take 2 damage, and now have 14/16 hp.
You closely miss the hobgoblin. Your grab misses the hobgoblin.
The hobgoblin hits you. 😮 HP[-2]
You take 2 damage, and now have 12/16 hp.
You hit the hobgoblin. Your grab misses the hobgoblin.
You squeeze the hobgoblin, but do no damage.
The hobgoblin hits you. 😮 HP[-3]
You take 3 damage, and now have 9/16 hp.
You slash the hobgoblin!
You kill the hobgoblin! 😮 HP[+1]
e - a scroll labelled XYONAX CITHRUZ You start resting. 😎 HP[+6]
Your hp is fully restored (16).
A gnoll comes into view. It is wielding a +0 club.
The gnoll shouts!
A gnoll comes into view. It is wielding a +0 spear.
A gnoll comes into view. It is wielding a +0 whip.
The gnoll shouts!
The gnoll hits you from afar with a +0 spear. 😮 HP[-5]
You take 5 damage, and now have 11/16 hp.
MASSIVE DAMAGE!! (PAUSE)
The gnoll hits you with a +0 club.
* * * LOW HITPOINT WARNING * * *
😨 HP[-5]
You take 5 damage, and now have 6/16 hp.
MASSIVE DAMAGE!! (PAUSE)
There is a stone staircase leading up here.
You block the gnoll's attack. The gnoll misses you.
You climb upwards.
You block the ball python's attack. The ball python grabs you.
The ball python constricts you.
* * * LOW HITPOINT WARNING * * *
The ball python barely misses you. The ball python constricts you.
* * * LOW HITPOINT WARNING * * *
A kobold comes into view. It is wielding a +0 dagger.
There is a stone staircase leading down here. 😨 HP[-1]
You take 1 damage, and now have 5/16 hp.
Unknown command.
You feel very mighty all of a sudden. You block the ball python's attack.
The ball python constricts you.
* * * LOW HITPOINT WARNING * * *
You block the gnoll's attack. 😱 HP[-1]
You take 1 damage, and now have 4/16 hp.
You hit the gnoll but do no damage. You grab the gnoll. You squeeze the gnoll!
You constrict the gnoll, but do no damage.
The ball python barely misses you. The ball python constricts you.
The gnoll closely misses you. The ball python closely misses you.
The ball python constricts you.
* * * LOW HITPOINT WARNING * * *
😱 HP[-1]
You take 1 damage, and now have 3/16 hp.
You barely miss the gnoll. You constrict the gnoll.
You kill the gnoll!
The ball python bites you.
* * * LOW HITPOINT WARNING * * *
The ball python constricts you.
* * * LOW HITPOINT WARNING * * *
You block the ball python's attack. The ball python constricts you.
You die...

Action                   || total
-------------------------++-------
Melee: Long sword        ||     5
       Tentacles         ||     2
       Constrict         ||     1
  Use: Potion            ||     1
Dodge: Dodged            ||     5
Block: Buckler           ||     5

Levels and vault maps discovered:
D:1:      ldierk_water_garden, layout_rooms, basic_ecumenical_altar,
          serial_shops, nicolae_shop_crystal, minmay_hexomino_c4
D:2:      layout_basic, minmay_misc_feat_five, feat_on_display, uniq_terence

Notes
Turn   | Place    | Note
-------+----------+-------------------------------------------
     0 | D:1      | spaghetti the Octopode Fighter began the quest for the Orb.
     0 | D:1      | Reached XP level 1. HP: 16/16 MP: 1/1
     0 | D:1      | magus.rc [v1.9.6]
   159 | D:1      | HP: 4/16 [constriction (1)]
   161 | D:1      | HP: 1/16 [constriction (1)]
   161 | D:1      | Constricted to death by a ball python

Vanquished Creatures
  A gnoll (D:1)
  A hobgoblin (D:2)
2 creatures vanquished.

Vanquished Creatures (others)
  4 toadstools (D:1)
4 creatures vanquished.

Grand Total: 6 creatures vanquished

Table legend:
 A = Non-vault XP
 B = Vault XP
 C = Vault XP percentage of total XP
 D = Non-vault monster count
 E = Vault monster count
 F = Vault count percentage of total count
                 A         B        C        D         E       F
            +---------+---------+-------+---------+---------+-------
      Total |      15 |       0 |   0.0 |       2 |       0 |   0.0
            +---------+---------+-------+---------+---------+-------
        D:1 |      13 |       0 |   0.0 |       1 |       0 |   0.0
        D:2 |       2 |       0 |   0.0 |       1 |       0 |   0.0
            +---------+---------+-------+---------+---------+-------

Illustrated notes

Table legend:
 A = Kills in this place as a percentage of kills in entire the game.
 B = Kills by you in this place as a percentage of kills by you in the entire game.
 C = Kills by friends in this place as a percentage of kills by friends in the entire game.
 D = Other kills in this place as a percentage of other kills in the entire game.
 E = Experience gained in this place as a percentage of experience gained in the entire game.
 F = Experience gained in this place divided by the number of levels of this place that you have seen.
                   A       B       C       D       E      F
               +-------+-------+-------+-------+-------+----------------------
         Total | 100.0 | 100.0 |   N/A |   N/A | 100.0 |   7.5
       Dungeon | 100.0 | 100.0 |   N/A |   N/A | 100.0 |   7.5
               +-------+-------+-------+-------+-------+----------------------

Table legend: (Time is in decaauts)
 A = Elapsed time spent in this place.
 B = Non-inter-level travel time spent in this place.
 C = Inter-level travel time spent in this place.
 D = Time resting spent in this place.
 E = Time spent auto-exploring this place.
 F = Levels seen in this place.
 G = Mean time per level.
                   A        B        C        D        E       F      G
               +--------+--------+--------+--------+--------+-----+--------+
         Total |    162 |    162 |      0 |    115 |      2 |   2 |   81.0 |
       Dungeon |    162 |    162 |      0 |    115 |      2 |   2 |   81.0 |
               +--------+--------+--------+--------+--------+-----+--------+

Top non-repeatable levels by time:
     D:2: 147 daAuts
     D:1: 14 daAuts
